 Dungeon Crawl Stone Soup version 0.31.0-12-g77e489cdc1 (webtiles) character file.

Game seed: 15162432722356482128

4578 Marvel the Slicer (level 10, -2/80 HPs)
             Began as a Merfolk Gladiator on Feb 24, 2024.
             Was a Follower of Dithmenos.
             Slain by a two-headed ogre
             ... wielding a +0 giant club
              (16 damage)
             ... on level 9 of the Dungeon.
             The game lasted 00:19:45 (9852 turns).

Marvel the Slicer (Merfolk Gladiator)               Turns: 9852, Time: 00:19:46

Health: -2/80      AC:  6    Str: 15    XL:     10   Next: 41%
Magic:  10/10      EV: 19    Int:  8    God:    Dithmenos [*.....]
Gold:   515        SH:  0    Dex: 19    Spells: 8/9 levels left

rFire   . . .        o - +6 dagger
rCold   + + .        (no shield)
rNeg    . . .        z - +2 robe {rC+}
rPois   .            c - +1 helmet
rElec   .            i - scarf {shadows}
rCorr   .            (no gloves)
SInv    .            (no boots)
Will    .....        (no amulet)
Stlth   ++++         h - ring of protection from cold
HPRegen 0.33/turn    (no ring)
MPRegen 0.12/turn

%: no passive effects
@: wreathed by umbra
A: (nimble swimmer 2), mertail
a: Renounce Religion


You were on level 9 of the Dungeon.
You worshipped Dithmenos.
Dithmenos was aware of your devotion.
You visited 2 branches of the dungeon, and saw 10 of its levels.
You also visited: Sewer.

You collected 565 gold pieces.
You spent 50 gold pieces at shops.

Inventory:

Hand Weapons
 a - a +0 rapier
 o - a +6 dagger (weapon)
 v - the +3 sling "Dosheha" {flame, ^Drain Fly Str+3 Dex+3}
   (You found it in a sewer)

   Str+3:     It affects your strength (+3).
   Dex+3:     It affects your dexterity (+3).
   Fly:       It grants you flight.
   ^Drain:    It drains your maximum health when unequipped.
Missiles
 d - a throwing net (quivered)
 e - a javelin
 y - 10 poisoned darts
Armour
 b - a +0 leather armour
 c - a +1 helmet (worn)
 i - a scarf of shadows (worn)
 w - a +0 cloak
 z - a +2 robe of cold resistance (worn)
Jewellery
 h - a ring of protection from cold (left hand)
 s - an amulet of regeneration
 x - a ring of positive energy
 A - a +4 ring of protection
Scrolls
 g - a scroll of noise {unknown}
 l - 2 scrolls of teleportation
 p - 4 scrolls of amnesia
 r - a scroll of revelation
 t - a scroll of fear
 u - 4 scrolls of identify
Potions
 f - 4 potions of curing
 j - a potion of haste
 k - 2 potions of mutation
 m - a potion of invisibility
 n - a potion of lignification
 q - 3 potions of brilliance
 B - 3 potions of heal wounds {unknown}


   Skills:
 + Level 7.7 Fighting
 + Level 11.1 Short Blades
 + Level 2.4 Throwing
 + Level 2.8 Armour
 + Level 10.2 Dodging
 + Level 6.5 Stealth


You had 8 spell levels left.
You knew the following spells:

 Your Spells              Type           Power      Damage    Failure   Level
a - Slow                  Hex            0%         N/A       41%         1

Your spell library contained the following spells:

 Spells                   Type           Power      Damage    Failure   Level
 Shock                    Conj/Air       0%         1d3       41%         1
 Scorch                   Fire           0%         2d5       54%         2
 Call Canine Familiar     Summ           0%         N/A       78%         3
 Confusing Touch          Hex            0%         N/A       78%         3
 Sigil of Binding         Hex            0%         N/A       78%         3
 Summon Ice Beast         Ice/Summ       0%         N/A       78%         3
 Swiftness                Air            0%         N/A       78%         3
 Vampiric Draining        Necr           0%         2d6       78%         3
 Airstrike                Air            0%         2d(0-16)  99%         4
 Dimensional Bullseye     Hex/Tloc       0%         N/A       99%         4
 Flame Wave               Conj/Fire      0%         2d4       99%         4
 Summon Mana Viper        Hex/Summ       0%         N/A       100%        5
 Summon Cactus Giant      Summ           0%         N/A       100%        6
 Monstrous Menagerie      Summ           0%         N/A       100%        7


Dungeon Overview and Level Annotations

Branches:
Dungeon (9/15)             Temple (1/1) D:6           Sewer (visited)
   Lair: D:8-11         Orc: D:9-12

Altars:
Ashenzari
Cheibriados
Dithmenos
Elyvilon
Fedhas
Gozag
Hepliaklqana
Kikubaaqudgha
Makhleb
Nemelex Xobeh
Okawaru
Qazlal
Ru
Sif Muna
Trog
Uskayaw
Vehumet
Wu Jian
Xom
Yredelemnul
Zin
The Shining One

Shops:
D:2 *   D:7 *   D:8 :


Innate Abilities, Weirdness & Mutations

((You are very nimble when in or above water. (Stealth+, EV+, Speed+++)))
Your lower body shifts to a powerful aquatic tail in water.


Message History

You kill the wyvern!
Dithmenos accepts your kill.
B - 3 bubbling cyan potions A malevolent force fills the Dungeon...
With a horrendous wail, an alarm goes off!
A sentinel's mark forms upon you.
You hear two shouts!
You hear a bellow! x2; You hear a shout!
You hear a bellow!
You hear a shout!
You hear a bellow!
You hear a shout! x5
No target in view!
You now have 515 gold pieces (gained 10).
A two-headed ogre comes into view. It is wielding two +0 giant clubs.
Throw: 2 throwing nets
Press: ? - help, Q - select action, (/) - cycle Shift-Dir - straight line, f - two-headed ogre
Aim: a two-headed ogre, wielding two +0 giant clubs (77% to hit)
You throw a throwing net.
The throwing net hits the two-headed ogre.
The two-headed ogre is caught in the net!
The two-headed ogre struggles against the net.
The two-headed ogre struggles against the net.
The two-headed ogre struggles against the net.
You hit the two-headed ogre.
The two-headed ogre is lightly wounded.
You hit the two-headed ogre.
The two-headed ogre is lightly wounded.
The two-headed ogre struggles against the net.
You hit the two-headed ogre.
The two-headed ogre is lightly wounded.
You hit the two-headed ogre.
The two-headed ogre is moderately wounded.
The two-headed ogre struggles against the net.
The net rips apart, and the two-headed ogre comes free!
You hit the two-headed ogre.
The two-headed ogre is moderately wounded.
You open the door.
The sentinel's mark upon you fades away.
The two-headed ogre hits you with a +0 giant club!! x2
The two-headed ogre hits you with a +0 giant club!
* * * LOW HITPOINT WARNING * * *
The two-headed ogre hits you with a +0 giant club!
You die...

#.............#
#.............#
#........[....#
#.............#
#######...##........#
.....##...##...##...#
..........##...##...#
................#O..#
................@...#
.....#######....#...#
.....# #....#...#
.....# ##+###...#
...... #...# ......
#...# ..... #####


You could see a two-headed ogre.

Vanquished Creatures
  Pikel (D:5)
  A komodo dragon (D:7)
  5 yaks (D:8)
  A wyvern (D:9)
  A steam dragon (D:8)
  4 water moccasins
  An orc warrior (D:7)
  2 sky beasts
  An ice beast (D:6)
  2 ogres
  A centaur (D:8)
  5 bullfrogs
  A scorpion (D:6)
  A wight (D:7)
  3 jellies
  3 killer bees (D:8)
  5 howler monkeys
  4 orc priests
  6 hounds
  Crazy Yiuf (D:5)
  4 iguanas
  7 orc wizards
  8 gnolls
  3 river rats (D:5)
  8 adders
  2 shadow imps
  A white imp (D:6)
  10 dart slugs
  2 ribbon worms (D:3)
  24 orcs
  10 endoplasms
  14 giant cockroaches
  5 hobgoblins
  3 quokkas
  18 ball pythons
  5 bats
  19 frilled lizards
  4 goblins
  3 kobolds
  5 rats
204 creatures vanquished.

Vanquished Creatures (others)
  A gnoll sergeant (D:8)
1 creature vanquished.

Grand Total: 205 creatures vanquished

Notes
Turn   | Place    | Note
-------+----------+-------------------------------------------
     0 | D:1      | Marvel the Merfolk Gladiator began the quest for the Orb.
     0 | D:1      | Reached XP level 1. HP: 16/16 MP: 1/1
    76 | D:1      | Found a faded altar of an unknown god.
   270 | D:1      | Reached XP level 2. HP: 22/22 MP: 2/2
   658 | D:1      | Reached skill level 4 in Short Blades
   917 | D:2      | Found Adustup's Assorted Antiques.
   925 | D:2      | Bought a scroll labelled EBASMY WESU for 25 gold pieces
   925 | D:2      | Bought a scroll labelled AHORUY DIYBRE for 25 gold pieces
  1108 | D:2      | Reached XP level 3. HP: 27/27 MP: 3/3
  1469 | D:2      | Found a blossoming altar of Fedhas.
  2202 | D:3      | Reached XP level 4. HP: 23/34 MP: 4/4
  2308 | D:3      | Reached skill level 1 in Armour
  2322 | D:3      | Reached skill level 5 in Short Blades
  2322 | D:3      | Reached skill level 5 in Dodging
  2463 | D:3      | Reached XP level 5. HP: 39/39 MP: 5/5
  2841 | D:4      | Reached skill level 1 in Stealth
  3023 | D:4      | Reached XP level 6. HP: 43/47 MP: 6/6
  3125 | D:5      | Entered Level 5 of the Dungeon
  3159 | D:5      | Found a glowing drain.
  3282 | Sewer    | Entered a sewer
  3360 | Sewer    | Reached skill level 6 in Short Blades
  3596 | Sewer    | Reached XP level 7. HP: 52/52 MP: 7/7
  3618 | Sewer    | Identified the +3 sling "Dosheha" {flame, ^Drain Fly Str+3
                  | Dex+3}
  3960 | D:5      | Found a runed translucent door.
  3961 | D:5      | Noticed Crazy Yiuf
  3974 | D:5      | Killed Crazy Yiuf
  4254 | D:5      | Reached skill level 7 in Short Blades
  4291 | D:5      | Noticed Pikel
  4306 | D:5      | Killed Pikel
  4307 | D:5      | Reached skill level 8 in Short Blades
  4307 | D:5      | Reached XP level 8. HP: 27/61 MP: 8/8
  5044 | D:6      | Found a staircase to the Ecumenical Temple.
  5064 | D:6      | Found an iron altar of Okawaru.
  5876 | D:6      | Reached skill level 5 in Fighting
  5945 | D:6      | Found a hazy altar of Hepliaklqana.
  5979 | D:6      | Reached XP level 9. HP: 50/68 MP: 9/9
  6052 | Temple   | Entered the Ecumenical Temple
  6066 | Temple   | Became a worshipper of Dithmenos the Shadowed
  6208 | D:6      | You fall into a shaft and drop 1 floor!
  6221 | D:7      | Reached skill level 9 in Short Blades
  6761 | D:7      | Reached skill level 5 in Stealth
  6840 | D:8      | Noticed a komodo dragon
  6913 | D:7      | Reached skill level 10 in Short Blades
  6915 | D:7      | Found Lotyub's Lightly-Used Armoury.
  7630 | D:6      | Found a sacrificial altar of Ru.
  7770 | D:7      | Killed a komodo dragon
  8337 | D:8      | Reached XP level 10. HP: 72/77 MP: 10/10
  8610 | D:8      | Reached * piety under Dithmenos
  9060 | D:8      | Found Muelunt's Book Shoppe.
  9067 | D:8      | Learned a level 1 spell: Slow
  9486 | D:8      | Reached skill level 11 in Short Blades
  9498 | D:8      | Reached skill level 10 in Dodging
  9841 | D:9      | Noticed a two-headed ogre
  9852 | D:9      | Slain by a two-headed ogre

Illustrated notes

Levels and vault maps discovered:
D:1:      moated_graveyard_arrival, layout_basic,
          hellmonk_ecumenical_altar_heavens_door,
          chequers_serial_rivers_micro_e, minmay_misc_feat_five
D:2:      layout_basic, basic_altar, serial_shops,
          nicolae_shop_overgrown_old_shop
D:3:      layout_basic, minmay_door_square
D:4:      layout_rooms
D:5:      layout_loops_corners, portal_sewer_entry_c, uniq_pikel,
          uniq_crazy_yiuf_cottage
D:6:      layout_basic, mainiacjoe_overflow_paths,
          mainiacjoe_overflow_two_lobes, temple_fountains, grunt_ministairs_4,
          hangedman_decor_clover_reticule
D:7:      layout_gridville, minmay_shop_damaged, st_stairs_12
D:8:      layout_gridville, serial_shops, nicolae_shop_rolling_square
D:9:      layout_gridville
Temple:   nicolae_temple_bog_church

Skill      XL: |  1  2  3  4  5  6  7  8  9 10 |
---------------+-------------------------------+-----
Short Blades   | 4 5 6 8 10 11 | 11.1
Armour         | 1 2 |  2.8
Dodging        | 5 7 9 10 | 10.2
Stealth        | 1 3 4 5 6 |  6.5
Fighting       | 3 4 5 6 7 |  7.7
Throwing       | |  2.4

Action                     |  1- 3 |  4- 6 |  7- 9 | 10-12 || total
---------------------------+-------+-------+-------+-------++-------
  Melee: Rapier            |   155 |    44 |       |       ||   199
         Dagger            |       |   212 |   409 |   197 ||   818
         Tailslap          |       |    14 |     1 |       ||    15
         Punch             |       |     2 |     5 |     2 ||     9
  Throw: Throwing net      |       |       |     1 |     1 ||     2
    Use: Scroll            |     2 |     2 |    12 |     1 ||    17
         Potion            |       |       |     5 |       ||     5
   Stab: Sleeping          |     1 |     3 |     7 |     3 ||    14
         Held in net/web   |       |       |     1 |       ||     1
 Armour: Leather armour    |    66 |    65 |    24 |       ||   155
         Robe              |       |       |    94 |    58 ||   152
         Skin              |       |       |    18 |       ||    18
  Dodge: Dodged            |   102 |   140 |   191 |   113 ||   546
